 Dungeon Crawl Stone Soup version 0.20.1-1-g8b1a95d (console) character file.

32879 hilaritas the Grappler (level 13, -1/192 HPs)
             Began as a Troll Fighter on Nov 5, 2017.
             Was a High Priest of Okawaru.
             Slain by a soldier ant (3 damage)
             ... on level 4 of the Lair of Beasts.
             The game lasted 00:39:55 (14038 turns).

hilaritas the Grappler (Troll Fighter)             Turns: 14038, Time: 00:39:55

Health: -1/192     AC: -3    Str: 37    XL:     13   Next: 33%
Magic:  16/18      EV: 15    Int:  9    God:    Okawaru [*****.]
Gold:   538        SH: 15    Dex: 11    Spells: 10/12 levels left

rFire    . . .     SeeInvis +     - Unarmed
rCold    + . .     Gourm    +   b - +1 shield
rNeg     + . .     Faith    .   U - +1 robe of the Pink Corner {rC+ Str+3 Dex+2}
rPois    +         Spirit   .   R - +0 hat {Int+3}
rElec    .         Reflect  .   N - +0 cloak "Hutroefu" {rPois Stlth+} (curse)
rCorr    .         Harm     .   (gloves unavailable)
MR       .....                  (boots unavailable)
Stlth    ..........             m - amulet of magic regeneration
Regen    0.9/turn               Q - ring of see invisible
MPRegen  0.3/turn               D - ring of positive energy

@: berserking, lethally poisoned (-1 -> -3), heroism, corroded, very quick
A: unfitting armour, claws 3, fast metabolism 3, gourmand, regeneration 1,
shaggy fur 1, tough skin 2
a: Heroism, Finesse, Renounce Religion


You were on level 4 of the Lair of Beasts.
You worshipped Okawaru.
Okawaru was extremely pleased with you.
You were very full.

You visited 2 branches of the dungeon, and saw 16 of its levels.
You also visited: Ice Cave.

You collected 823 gold pieces.
You spent 285 gold pieces at shops.

Inventory:

Hand Weapons
 q - a +1 morningstar
 X - a +2 scimitar of flaming
Missiles
 s - 5 large rocks
 T - a throwing net (quivered)
Armour
 b - a +1 shield (worn)
 f - a scarf of repulsion
 w - a +0 robe of magic resistance
 y - the +5 robe of Wiza {Regen+ Str-2 Dex+4}
   (You found it on level 5 of the Dungeon)

   It affects your strength (-2).
   It affects your dexterity (+4).
   It increases your rate of regeneration.
 G - the +3 hat of Pondering {ponderous, MR+ MP+10 Int+5}
   (You found it on level 1 of the Lair of Beasts)

   It affects your intelligence (+5).
   It affects your resistance to hostile enchantments.
   It affects your magic capacity (+10).
 H - the +1 cloak of Qipt {Int+6 Dex-2}
   (Okawaru gifted it to you on level 8 of the Dungeon)

   It affects your intelligence (+6).
   It affects your dexterity (-2).
 N - the cursed +0 cloak "Hutroefu" (worn) {rPois Stlth+}
   (You found it on level 3 of the Lair of Beasts)

   It protects you from poison.
   It makes you more stealthy.
   It has a curse placed upon it.
 R - a +0 hat of intelligence (worn)
 U - the +1 robe of the Pink Corner (worn) {rC+ Str+3 Dex+2}
   (Okawaru gifted it to you on level 1 of the Lair of Beasts)

   It affects your strength (+3).
   It affects your dexterity (+2).
   It protects you from cold.
Jewellery
 j - a +6 ring of dexterity
 m - an amulet of magic regeneration (around neck)
 r - an uncursed ring of magical power
 D - a ring of positive energy (right claw)
 M - an uncursed ring of protection from cold
 O - an uncursed ring of poison resistance
 Q - a ring of see invisible (left claw)
Wands
 K - a wand of lightning (9/15)
 L - a wand of flame (34/48)
 P - a wand of lightning (10/15)
 V - a wand of digging (7/24)
Scrolls
 h - 5 scrolls of identify
 l - 6 scrolls of remove curse
 o - 3 scrolls of fear
 u - 3 scrolls of amnesia
 v - 2 scrolls of enchant weapon
 E - 6 scrolls of teleportation
 I - a scroll of fog
Potions
 c - a potion of invisibility {unknown}
 e - 5 potions of curing
 g - 4 potions of heal wounds
 i - 3 potions of agility
 k - 5 potions of brilliance
 t - 2 potions of cancellation {unknown}
 z - a potion of berserk rage
 B - 3 potions of flight
 C - 2 potions of degeneration {unknown}
 F - a potion of haste
 J - a potion of mutation {unknown}
 S - 2 potions of might
 W - 3 potions of resistance
Books
 A - a book of Callings

   Spells                             Type                      Level
   a - Summon Small Mammal            Summoning                    1
   b - Call Imp                       Summoning                    2
   c - Call Canine Familiar           Summoning                    3
   d - Summon Guardian Golem          Hexes/Summoning              3
   e - Summon Lightning Spire         Summoning/Air                4
   f - Summon Ice Beast               Ice/Summoning                4
Comestibles
 a - 6 meat rations
 d - 7 bread rations
 n - 7 royal jellies
 p - 8 fruits


   Skills:
 * Level 8.7(13.7) Fighting
 * Level 8.0(13.0) Armour
 - Level 7.0(12.0) Dodging
 - Level 9.0(14.0) Shields
 - Level 10.0(15.0) Unarmed Combat
 * Level 9.0 Invocations


You had 10 spell levels left.
You knew the following spells:

 Your Spells              Type           Power        Failure   Level  Hunger
a - Swiftness             Chrm/Air       #.......     52%         2    ###....


Dungeon Overview and Level Annotations

Branches:
Dungeon (12/15)            Temple (0/1) D:7            Lair (4/6) D:9
 Shoals (0/4) Lair:3        Snake (0/4) Lair:2          Orc (0/2) D:10

Altars:
Cheibriados
Dithmenos
Elyvilon
Fedhas
Gozag
Kikubaaqudgha
Makhleb
Okawaru
Qazlal
Ru
Sif Muna
Vehumet
Yredelemnul
Zin

Shops:
D:4 (   D:6 :   D:7 (}   D:8 *   D:9 =

Annotations:
D:12 Kirke


Innate Abilities, Weirdness & Mutations

You are too large for most types of armour.
You have claws for hands.
Your metabolism is lightning-fast.
You like to eat raw meat.
Your natural rate of healing is unusually fast.
You are covered in fur. (AC +1)
You have very tough skin. (AC +2)


Message History

* * * LOW HITPOINT WARNING * * *
You feel sick. You block the soldier ant's attack.
You scratch the soldier ant but do no damage.
The soldier ant is almost dead.
The soldier ant misses you.
You closely miss the soldier ant.
The soldier ant is almost dead.
* * * LOW HITPOINT WARNING * * *
You feel sick. You block the soldier ant's attack.
You mangle the soldier ant!!
You kill the soldier ant!
Okawaru accepts your kill.
* * * LOW HITPOINT WARNING * * *
You feel sick.
A soldier ant comes into view.
The soldier ant twitches its antennae in your direction.
You claw the entropy weaver!
The entropy weaver is lightly wounded.
The soldier ant stings you.
You die...

########## .........##
..........## ..
...........## ..#
............# ...$
.......)....## ###...
.............### a#..#
...............##aa.#
..............(.#a''#...
..#.########P##†@aa..#
#### ####.####.# ###


You could see an entropy weaver, 4 soldier ants and a worker ant.

Vanquished Creatures
  An entropy weaver (Lair:4)
  The ghost of AdmiralAndromeda the Severer, a journeyman DDFi of Makhleb (D:11)
  Fannar (Lair:2)
  2 hydras
  Erica (Lair:1)
  4 two-headed ogres
  A queen ant (Lair:4)
  2 ugly things
  The ghost of Agrougrou the Ducker, a novice OgSk (D:5)
  A merfolk siren (Lair:3)
  4 elephants (Lair:3)
  3 centaur zombies
  A black mamba (Lair:3)
  2 rust devils (D:5)
  2 ice statues (IceCv)
  2 spiny frogs
  The ghost of Glalom the Conjurer, a novice DrWz (D:4)
  11 ice devils (IceCv)
  4 komodo dragons
  A troll (D:9)
  A polar bear (Lair:1)
  6 blink frogs
  6 hippogriffs
  A vampire (D:11)
  3 yaks (Lair:3)
  A wyvern (D:11)
  A human (D:7)
  4 hogs (D:7)
  2 basilisks (Lair:3)
  A hungry ghost (D:9)
  Grum (Lair:1)
  A vampire mosquito (D:11)
  2 nagas (Lair:2)
  2 water moccasins
  8 soldier ants (Lair:4)
  11 porcupines
  10 orc warriors
  10 ice beasts
  2 black bears (D:8)
  3 sky beasts
  4 ogres
  3 phantoms
  10 wolves (Lair:1)
  4 centaurs
  6 crocodiles
  A big kobold (D:7)
  16 bullfrogs
  2 wyvern zombies
  A scorpion (D:3)
  3 wights (D:7)
  11 killer bees
  4 vampire bats (Lair:2)
  8 howler monkeys
  6 crimson imps
  2 quasits
  2 bullfrog zombies
  A gnoll shaman (D:6)
  4 hounds
  13 orc priests
  A bullfrog skeleton (D:7)
  4 jellies
  6 orc wizards
  5 iguanas
  Terence (D:3)
  Natasha (thrice) (D:2)
  12 worker ants
  A hound zombie (D:7)
  A hound skeleton (D:7)
  A worker ant zombie (D:11)
  5 gnolls (D:6)
  12 adders
  A howler monkey skeleton (D:6)
  3 shadow imps
  7 white imps (IceCv)
  5 ufetubi (IceCv)
  An adder zombie (D:9)
  2 dart slugs
  9 leopard geckos
  22 orcs
  14 bats
  5 giant cockroaches
  12 goblins
  4 hobgoblins
  4 jackals (D:3)
  17 kobolds
  3 quokkas
  2 ball pythons (D:3)
  2 frilled lizards
  A leopard gecko zombie (D:7)
  A quokka skeleton (D:7)
  A quokka zombie (D:6)
  8 rats
399 creatures vanquished.

Vanquished Creatures (others)
  A reaper (IceCv)
  4 white imps (IceCv)
  3 ufetubi (IceCv)
  11 fungi (D:9)
  3 plants (D:9)
22 creatures vanquished.

Grand Total: 421 creatures vanquished

Notes
Turn   | Place    | Note
-------+----------+-------------------------------------------
     0 | D:1      | hilaritas the Troll Fighter began the quest for the Orb.
     0 | D:1      | Reached XP level 1. HP: 22/22 MP: 0/0
   229 | D:1      | Reached XP level 2. HP: 29/29 MP: 1/1
   514 | D:1      | Reached skill level 3 in Unarmed Combat
   697 | D:1      | Reached XP level 3. HP: 36/36 MP: 2/2
  1050 | D:2      | Noticed Natasha
  1055 | D:2      | Killed Natasha
  1231 | D:2      | Reached XP level 4. HP: 44/44 MP: 3/3
  1352 | D:2      | Noticed Natasha
  1366 | D:2      | Killed Natasha
  1366 | D:2      | Reached skill level 4 in Unarmed Combat
  1405 | D:2      | Noticed Natasha
  1407 | D:2      | Killed Natasha
  1583 | D:2      | Reached XP level 5. HP: 50/50 MP: 4/4
  2091 | D:3      | Noticed Terence
  2098 | D:3      | Killed Terence
  2098 | D:3      | Reached skill level 5 in Unarmed Combat
  2352 | D:3      | Found a snail-covered altar of Cheibriados.
  2919 | D:4      | Found an opulent altar of Gozag.
  2982 | D:4      | Found Ciniet's Weapon Emporium.
  2992 | D:4      | Noticed Glalom's ghost (novice DrWz)
  3008 | D:4      | Killed Glalom's ghost
  3008 | D:4      | Reached skill level 6 in Unarmed Combat
  3008 | D:4      | Reached XP level 6. HP: 48/59 MP: 5/5
  3008 | D:4      | Reached XP level 7. HP: 53/66 MP: 6/6
  3142 | D:4      | Reached skill level 7 in Unarmed Combat
  3161 | D:4      | Found an iron altar of Okawaru.
  3163 | D:4      | Found a basalt altar of Yredelemnul.
  3173 | D:4      | Became a worshipper of Warmaster Okawaru
  3286 | D:4      | Found a glowing silver altar of Zin.
  3611 | D:5      | Entered Level 5 of the Dungeon
  3786 | D:5      | Noticed Agrougrou's ghost (novice OgSk)
  3812 | D:5      | Killed Agrougrou's ghost
  3812 | D:5      | Reached * piety under Okawaru
  3812 | D:5      | Reached skill level 8 in Unarmed Combat
  3812 | D:5      | Reached skill level 1 in Invocations
  3812 | D:5      | Reached XP level 8. HP: 58/74 MP: 6/8
  3992 | D:5      | Reached ** piety under Okawaru
  4089 | D:5      | Found a deep blue altar of Sif Muna.
  4128 | D:5      | Got a heavily jewelled robe
  4139 | D:5      | Identified the +5 robe of Wiza {Regen+ Str-2 Dex+4} (You found it on level 5 of the Dungeon)
  4405 | D:6      | Found a stormy altar of Qazlal.
  4424 | D:6      | Found a sacrificial altar of Ru.
  4448 | D:6      | Reached skill level 9 in Unarmed Combat
  4473 | D:6      | Found a shadowy altar of Dithmenos.
  4660 | D:6      | Reached skill level 10 in Unarmed Combat
  4999 | D:6      | Found Tieroucw's Book Boutique.
  5102 | D:5      | Noticed a rust devil
  5102 | D:5      | Noticed a rust devil
  5114 | D:6      | Reached skill level 1 in Armour
  5135 | D:5      | Killed a rust devil
  5135 | D:5      | Reached XP level 9. HP: 62/83 MP: 6/10
  5138 | D:5      | Killed a rust devil
  5138 | D:5      | Reached *** piety under Okawaru
  5138 | D:5      | Reached skill level 5 in Shields
  5396 | D:7      | Found a staircase to the Ecumenical Temple.
  5517 | D:7      | Found Kowed's Quality Used Wands.
  5702 | D:7      | Found Sexzoa's Antique Weapon Shoppe.
  5797 | D:7      | Found a burning altar of Makhleb.
  5931 | D:7      | Reached **** piety under Okawaru
  5954 | D:7      | Reached XP level 10. HP: 82/94 MP: 12/12
  6188 | D:8      | Noticed a two-headed ogre
  6198 | D:8      | Killed a two-headed ogre
  6198 | D:8      | Reached skill level 5 in Invocations
  6200 | D:8      | Reached ***** piety under Okawaru
  6267 | D:8      | Got a warped mace
  6268 | D:8      | Identified the +5 mace "Feoja Jawei" {freeze, rPois rC+} (You found it on level 8 of the Dungeon)
  6356 | D:8      | Received a gift from Okawaru
  6361 | D:8      | Got a steaming cloak {god gift}
  6372 | D:8      | Identified the +1 cloak of Qipt {Int+6 Dex-2} (Okawaru gifted it to you on level 8 of the Dungeon)
  6456 | D:8      | Learned a level 2 spell: Swiftness
  6489 | D:8      | Reached skill level 5 in Fighting
  6806 | D:8      | Found an ancient bone altar of Kikubaaqudgha.
  6806 | D:8      | Found Kycafol's Evil Emporium.
  6886 | D:9      | Noticed a two-headed ogre
  6911 | D:9      | Killed a two-headed ogre
  6981 | D:9      | Found a blossoming altar of Fedhas.
  7000 | D:9      | Reached skill level 5 in Armour
  7092 | D:9      | Found a staircase to the Lair.
  7134 | D:9      | Reached XP level 11. HP: 87/104 MP: 14/14
  7495 | D:9      | Found a radiant altar of Vehumet.
  7545 | D:9      | Found Dufras's Jewellery Emporium.
  7598 | D:9      | Bought a cursed -3 ring of slaying for 30 gold pieces
  7598 | D:9      | Bought a cursed amulet of inaccuracy for 30 gold pieces
  7711 | D:10     | Entered Level 10 of the Dungeon
  7711 | D:10     | Noticed a two-headed ogre
  7723 | D:10     | Killed a two-headed ogre
  7994 | D:9      | Bought an uncursed ring of see invisible for 225 gold pieces
  8169 | D:10     | Found a staircase to the Orcish Mines.
  8525 | D:11     | Noticed a red ugly thing
  8546 | D:11     | Killed a red ugly thing
  8546 | D:11     | Received a gift from Okawaru
  8770 | D:11     | Noticed AdmiralAndromeda's ghost (journeyman DDFi)
  8791 | D:11     | Killed AdmiralAndromeda's ghost
  9068 | D:11     | Found a white marble altar of Elyvilon.
  9319 | D:12     | Noticed a two-headed ogre
  9326 | D:12     | Killed a two-headed ogre
  9394 | D:12     | Noticed a brown ugly thing
  9404 | D:12     | Killed a brown ugly thing
  9521 | D:12     | Noticed Kirke
  9609 | Lair:1   | Entered Level 1 of the Lair of Beasts
  9647 | Lair:1   | Reached XP level 12. HP: 103/115 MP: 16/16
  9797 | Lair:1   | Noticed a four-headed hydra
  9808 | Lair:1   | Killed a one-headed hydra
  9875 | Lair:1   | Received a gift from Okawaru
  9892 | Lair:1   | Got a shimmering robe {god gift}
  9903 | Lair:1   | Identified the +1 robe of the Pink Corner {rC+ Str+3 Dex+2} (Okawaru gifted it to you on level 1 of the Lair of Beasts)
 10002 | Lair:1   | Noticed Grum
 10018 | Lair:1   | Killed Grum
 10272 | Lair:1   | Noticed Erica
 10283 | Lair:1   | Killed Erica
 10765 | Lair:2   | Reached skill level 5 in Dodging
 10899 | Lair:2   | Found a staircase to the Snake Pit.
 11036 | Lair:2   | Noticed Fannar
 11051 | Lair:2   | Killed Fannar
 11707 | Lair:3   | Found a frozen archway.
 11754 | IceCv    | Entered an ice cave
 11995 | IceCv    | Killed a reaper
 13331 | Lair:3   | Found a staircase to the Shoals.
 13334 | Lair:3   | Reached XP level 13. HP: 127/127 MP: 18/18
 13668 | Lair:3   | Got a faintly glowing cloak
 13679 | Lair:3   | Identified the cursed +0 cloak "Hutroefu" {rPois Stlth+} (You found it on level 3 of the Lair of Beasts)
 13949 | Lair:4   | Received a gift from Okawaru
 14013 | Lair:4   | Noticed an entropy weaver
 14026 | Lair:4   | Noticed an entropy weaver
 14029 | Lair:4   | HP: 4/192 [entropy weaver (17)]
 14031 | Lair:4   | Killed an entropy weaver
 14034 | Lair:4   | HP: 2/192 [poisoned by a queen ant]
 14038 | Lair:4   | Slain by a soldier ant

Skill      XL: |  1  2  3  4  5  6  7  8  9 10 11 12 13 |
---------------+----------------------------------------+-----
Unarmed Combat | 3 4 6 8 10 | 10.0
Shields        | 3 4 6 7 9 |  9.0
Invocations    | 1 3 4 6 7 8 9 |  9.0
Armour         | 1 3 5 6 7 8 |  8.0
Fighting       | 3 4 5 6 8 |  8.7
Dodging        | 3 6 7 |  7.0

Action                   |  1- 3 |  4- 6 |  7- 9 | 10-12 | 13-15 || total
-------------------------+-------+-------+-------+-------+-------++-------
Melee: Unarmed           |    99 |   109 |   246 |   918 |    95 ||  1467
       Falchion          |       |       |       |     5 |       ||     5
       Scimitar          |       |       |       |       |     7 ||     7
Invok: Heroism           |       |       |     1 |    12 |     3 ||    16
       Finesse           |       |       |       |     1 |     1 ||     2
  Use: Scroll            |       |     6 |     6 |     5 |       ||    17
       Potion            |       |     1 |       |     2 |     2 ||     5
 Stab: Sleeping          |       |       |     1 |     4 |       ||     5
       Distracted        |       |       |       |     1 |       ||     1
  Eat: Chunk             |    12 |    19 |    29 |    68 |     7 ||   135
       Fruit             |       |       |       |     3 |       ||     3
Armor: Robe              |    40 |    20 |    37 |   149 |    21 ||   267
Dodge: Dodged            |    29 |    21 |    43 |   239 |    35 ||   367
       Deflected         |     2 |       |     3 |     4 |       ||     9
Block: Shield            |    41 |    39 |   104 |   463 |    62 ||   709
